 Dungeon Crawl Stone Soup version 0.32-a0-704-g0ab5258 (webtiles) character file.

Game seed: 6618233658849506490

23145 dbPgr the Thaumaturge (level 12, -2/66 HPs)
             Began as a Deep Elf Earth Elementalist on Mar 14, 2024.
             Was an Elder of Sif Muna.
             Slain by a killer bee (5 damage)
             ... on level 1 of the Lair of Beasts.
             The game lasted 00:40:00 (14391 turns).

dbPgr the Thaumaturge (DEEE)                       Turns: 14391, Time: 00:40:01

Health: -2/66      AC:  7    Str:  5    XL:     12   Next: 69%
Magic:  2/32       EV: 12    Int: 26    God:    Sif Muna [****..]
Gold:   162        SH:  0    Dex: 15    Spells: 31/39 levels left

rFire   + . .        d - +0 dagger (venom)
rCold   . . .        (no shield)
rNeg    . . .        J - +0 troll leather armour
rPois   .            (no helmet)
rElec   .            p - +0 cloak
rCorr   +            q - +1 pair of gloves {infuse}
SInv    .            R - +0 pair of boots
Will    +....        (no amulet)
Stlth   ++           l - ring of protection from fire
HPRegen 1.11/turn    O - ring of resist corrosion
MPRegen 0.23/turn

%: infuse magic (1 MP)
@: lethally poisoned (-2 -> -13)
A: no striking features
a: Renounce Religion, Channel Magic, Forget Spell, Divine Exegesis


You were on level 1 of the Lair of Beasts.
You worshipped Sif Muna.
Sif Muna was greatly pleased with you.
You visited 3 branches of the dungeon, and saw 14 of its levels.
You also visited: Sewer.

You collected 764 gold pieces.
You spent 602 gold pieces at shops.

Inventory:

Hand Weapons
 d - a +0 dagger of venom (weapon)
Missiles
 n - 2 throwing nets
 r - 4 curare-tipped darts
Armour
 p - a +0 cloak (worn)
 q - a +1 pair of gloves of infusion (worn)
 J - a +0 troll leather armour (worn)
 R - a +0 pair of boots (worn)
Jewellery
 l - a ring of protection from fire (left hand)
 O - a ring of resist corrosion (right hand)
Wands
 a - a wand of roots (23)
 u - a wand of mindburst (12) (quivered)
 x - a wand of digging (9)
 z - a wand of polymorph (13)
 I - a wand of quicksilver (6)
 M - a wand of flame (42)
Scrolls
 f - 2 scrolls of immolation
 g - a scroll of poison
 h - 3 scrolls of noise
 k - 2 scrolls of enchant weapon
 o - 2 scrolls of revelation {unknown}
 s - a scroll of teleportation
 t - a scroll of silence {unknown}
 w - 3 scrolls of summoning {unknown}
 y - 2 scrolls of fear {unknown}
 C - 2 scrolls of torment {unknown}
 D - 2 scrolls of fog {unknown}
 L - 3 scrolls of amnesia {unknown}
 N - 2 scrolls of enchant armour {unknown}
Potions
 b - 3 potions of magic
 c - a potion of haste
 e - 3 potions of heal wounds
 i - 4 potions of lignification
 j - 4 potions of curing
 m - a potion of ambrosia {unknown}
 v - 2 potions of invisibility {unknown}
 A - 2 potions of berserk rage {unknown}
 B - 2 potions of might {unknown}
 E - a potion of mutation {unknown}
 F - 4 potions of brilliance {unknown}
 G - 2 potions of enlightenment
 H - 2 potions of resistance
 K - a potion of cancellation
 P - 2 potions of attraction {unknown}
Miscellaneous
 Q - a tin of tremorstones (2/2)


   Skills:
 - Level 4.0 Fighting
 - Level 3.0 Armour
 - Level 6.0 Dodging
 - Level 2.4 Stealth
 - Level 14.0 Spellcasting
 - Level 12.0 Conjurations
 + Level 13.5 Earth Magic
 - Level 6.0 Invocations


You had 31 spell levels left.
You knew the following spells:

 Your Spells              Type           Power      Damage    Failure   Level
a - Sandblast             Erth           100%       2d20      1%          1
b - Stone Arrow           Conj/Erth      100%       3d13      1%          3
c - Brom's Barrelling Bo  Conj/Erth      71%        2d8       1%          4

Your spell library contained the following spells:

 Spells                   Type           Power      Damage    Failure   Level
 Passwall                 Erth           73%        N/A       1%          3
 Petrify                  Alch/Erth      52%        N/A       3%          4
 Apportation              Tloc           36%        N/A       4%          1
 Slow                     Hex            72%        N/A       4%          1
 Ensorcelled Hibernation  Hex/Ice        36%        N/A       8%          2
 Jinxbite                 Hex            36%        N/A       8%          2
 Confusing Touch          Hex            18%        N/A       14%         3
 Fugue of the Fallen      Necr           18%        N/A       14%         3
 Vampiric Draining        Necr           18%        2d7       14%         3
 Anguish                  Hex/Necr       9%         N/A       43%         4
 Alistair's Intoxication  Alch           12%        N/A       80%         5
 Haunt                    Necr/Summ      9%         N/A       100%        7
 Borgnjor's Revivificati  Necr           9%         N/A       100%        8
 Chain Lightning          Conj/Air       24%        3d32      100%        9
 Death's Door             Necr           9%         N/A       100%        9
 Fire Storm               Conj/Fire      24%        8d6       100%        9
 Shatter                  Erth           36%        3d29*     100%        9


Dungeon Overview and Level Annotations

Branches:
Dungeon (12/15)            Temple (1/1) D:5            Lair (1/5) D:11
    Orc (0/2) D:12          Sewer (visited)

Altars:
Ashenzari
Cheibriados
Dithmenos
Elyvilon
Fedhas
Gozag
Hepliaklqana
Kikubaaqudgha
Makhleb
Nemelex Xobeh
Okawaru
Qazlal
Ru
Sif Muna
Trog
Uskayaw
Vehumet
Wu Jian
Xom
Yredelemnul
Zin
The Shining One

Shops:
D:12 ![(

Annotations:
D:5 2 transporters, Ray's ghost, amateur OnWr
D:7 3 runed translucent doors, Dega's ghost, novice OpFi


Message History

* * * LOW HITPOINT WARNING * * *
You are lethally poisoned!
The water moccasin poisons you!
The killer bee stings you but does no damage.
Unknown command.
You feel much better.
You feel extremely sick. The killer bee misses you.
The water moccasin bites you.
You are lethally poisoned!
The water moccasin poisons you! The killer bee completely misses you.
Aiming: Mindburst
Press: ? - help, Q - select action, (/) - cycle Shift-Dir - straight line, f/p - water moccasin
Aim: a water moccasin (poison gas, chance to affect: 64%)
The water moccasin's mind is blasted!
You feel extremely sick.
The killer bee looks more healthy.
The water moccasin closely misses you. The killer bee closely misses you.
The killer bee stings you. The water moccasin bites you.
Aiming: Mindburst
Press: ? - help, Q - select action, (/) - cycle Shift-Dir - straight line, f/p - water moccasin
Aim: a water moccasin (poison gas, heavily wounded, chance to affect: 64%)
The water moccasin's mind is blasted!
* * * LOW HITPOINT WARNING * * *
You feel extremely sick. The killer bee stings you.
* * * LOW HITPOINT WARNING * * *
The water moccasin misses you. The killer bee barely misses you.
Unknown command.
Aiming: Mindburst
Press: ? - help, Q - select action, (/) - cycle Shift-Dir - straight line, f/p - water moccasin
Aim: a water moccasin (poison gas, almost dead, chance to affect: 64%)
The water moccasin's mind is blasted!
You blow up the water moccasin!
Sif Muna accepts your kill.
* * * LOW HITPOINT WARNING * * *
You feel very sick. The killer bee stings you.
* * * LOW HITPOINT WARNING * * *
The killer bee stings you.
You die...

♣..........
♣§§§§§○☼§§☼§
♣○§§○§☼§°☼○☼
♣§☼°°§○§☼§○°
#§°P§§§☼☼○○§
#§☼§☼§§§☼§§☼
♣§§§☼§☼§§P§§
☼☼♣♣§§†☼○§°§○°§
♣§○.§y@○§§§§°§
#§☼♣☼○○§§§§§☼#○#
# ♣☼☼§§○§##+#
♣♣☼○○§☼☼
#§☼°°°○§
#☼○§§§§°°
#○§○§§§○§§
♣°○.○☼☼°○☼§


You could see a killer bee.

Vanquished Creatures
  Erolcha (D:9)
  Erica (D:8)
  2 boulder beetles (D:11)
  3 two-headed ogres
  A deep elf pyromancer (D:12)
  An orc knight (D:12)
  Pikel (D:8)
  An ugly thing (D:12)
  Maurice (D:7)
  A manticore (D:11)
  4 elephants
  A cyclops (D:12)
  A black mamba (Lair:1)
  A cane toad (shapeshifter) (D:12)
  Maggie (D:6)
  A gargoyle (D:12)
  A kobold demonologist (D:12)
  A komodo dragon (D:12)
  5 trolls
  2 hornets
  Sigmund (D:6)
  A wraith (D:11)
  A wyvern (D:10)
  A vampire (D:11)
  2 shadows
  28 yaks
  Grum (D:9)
  A steam dragon (D:8)
  4 vampire mosquitoes (D:11)
  Menkaure (D:7)
  3 acid dragons
  3 water moccasins
  4 orc warriors
  3 black bears
  2 ice beasts
  5 wolves
  4 centaurs
  8 kobold brigands
  4 lemures (D:8)
  6 bullfrogs
  5 scorpions
  A wyvern zombie (D:7)
  A water moccasin zombie (D:4)
  4 wights (D:8)
  10 killer bees (Lair:1)
  2 electric eels (D:11)
  3 howler monkeys
  A bullfrog zombie (D:4)
  4 centaur zombies (D:7)
  2 bombardier beetles (D:5)
  A centaur skeleton (D:4)
  5 hounds
  3 jellies
  3 orc priests
  A gnoll bouda (D:5)
  An iron imp (D:6)
  2 iguanas
  A sleepcap (D:7)
  Ijyb (D:4)
  Natasha (twice) (D:2)
  Terence (D:3)
  11 orc wizards
  A killer bee zombie (D:7)
  A hound zombie (D:4)
  A hound skeleton (D:4)
  A howler monkey zombie (D:7)
  18 gnolls
  9 adders
  2 river rats
  2 shadow imps
  A white imp (D:5)
  6 ufetubi
  An adder zombie (D:4)
  An adder skeleton (D:4)
  3 dart slugs (D:2)
  5 ribbon worms
  27 orcs
  14 ball pythons
  11 endoplasms
  7 giant cockroaches
  5 goblins
  8 hobgoblins
  5 quokkas
  2 bats
  7 frilled lizards
  40 kobolds
  13 rats
370 creatures vanquished.

Notes
Turn   | Place    | Note
-------+----------+-------------------------------------------
     0 | D:1      | dbPgr the Deep Elf Earth Elementalist began the quest for
                  | the Orb.
     0 | D:1      | Reached XP level 1. HP: 10/10 MP: 6/6
   316 | D:1      | Reached XP level 2. HP: 15/15 MP: 6/8
  1004 | D:2      | Reached XP level 3. HP: 19/19 MP: 7/10
  1079 | D:2      | Noticed Natasha
  1087 | D:2      | Killed Natasha
  1088 | D:2      | Reached XP level 4. HP: 21/24 MP: 6/11
  1289 | D:2      | Noticed Natasha
  1299 | D:2      | Killed Natasha
  1300 | D:2      | Reached skill level 4 in Spellcasting
  1474 | D:2      | Reached skill level 5 in Earth Magic
  1617 | D:2      | Reached XP level 5. HP: 28/28 MP: 10/13
  1719 | D:2      | Learned a level 3 spell: Stone Arrow
  1812 | D:3      | Noticed Terence
  1828 | D:3      | Killed Terence
  2526 | D:3      | Reached skill level 5 in Spellcasting
  2526 | D:3      | Reached XP level 6. HP: 23/32 MP: 3/15
  2795 | D:4      | Noticed Ijyb
  2799 | D:4      | Killed Ijyb
  3106 | D:4      | Reached XP level 7. HP: 33/36 MP: 14/17
  3296 | D:4      | Reached skill level 6 in Spellcasting
  3678 | D:5      | Entered Level 5 of the Dungeon
  3756 | D:5      | Found a glowing drain.
  3761 | Sewer    | Entered a sewer
  4140 | Sewer    | Reached skill level 5 in Conjurations
  4268 | D:5      | Reached XP level 8. HP: 41/41 MP: 15/20
  4525 | D:5      | Reached skill level 7 in Spellcasting
  4689 | D:5      | Found a shadowy altar of Dithmenos.
  4704 | D:5      | Found a sacrificial altar of Ru.
  4725 | D:5      | Found a broken altar of Ashenzari.
  4725 | D:5      | Found a glowing golden altar of the Shining One.
  4796 | D:5      | Reached skill level 8 in Spellcasting
  4978 | D:5      | Found a staircase to the Ecumenical Temple.
  4985 | Temple   | Entered the Ecumenical Temple
  4996 | Temple   | Became a worshipper of Sif Muna the Loreminder
  5028 | D:5      | Found a transporter.
  5031 | D:5      | Noticed Ray's ghost (amateur OnWr)
  5037 | D:5      | Found a transporter.
  5071 | D:5      | Found a sparkling altar of Nemelex Xobeh.
  5142 | D:6      | Noticed Sigmund
  5148 | D:6      | Killed Sigmund
  5149 | D:6      | Noticed a troll
  5156 | D:6      | Killed a troll
  5157 | D:6      | Reached skill level 9 in Spellcasting
  5157 | D:6      | Reached XP level 9. HP: 45/45 MP: 8/24
  5376 | D:6      | Noticed Maggie
  5382 | D:6      | Killed Maggie
  5448 | D:6      | Reached skill level 10 in Spellcasting
  5499 | D:6      | Found a burning altar of Makhleb.
  5749 | D:6      | Found a stormy altar of Qazlal.
  5933 | D:6      | Reached * piety under Sif Muna
  6183 | D:7      | Found a runed translucent gate.
  6184 | D:7      | Found a runed translucent gate.
  6184 | D:7      | Noticed a cyclops
  6185 | D:7      | Found a runed translucent gate.
  6185 | D:7      | Noticed Dega's ghost (novice OpFi)
  6227 | D:7      | Noticed Menkaure
  6234 | D:7      | Killed Menkaure
  6235 | D:7      | Reached skill level 11 in Spellcasting
  6417 | D:7      | Noticed Maurice
  6433 | D:7      | Maurice stole 4 curare-tipped darts
  6435 | D:7      | Maurice stole 125 gold
  6436 | D:7      | Maurice stole 168 gold
  6437 | D:7      | Killed Maurice
  6438 | D:7      | Reached skill level 1 in Fighting
  6438 | D:7      | Reached skill level 1 in Armour
  6761 | D:7      | Reached XP level 10. HP: 53/53 MP: 24/27
  7025 | D:7      | Reached skill level 5 in Dodging
  7203 | D:7      | Reached ** piety under Sif Muna
  7249 | D:7      | Found a basalt altar of Yredelemnul.
  7570 | D:8      | Noticed Pikel
  7597 | D:8      | Killed Pikel
  7905 | D:8      | Reached skill level 1 in Invocations
  8113 | D:8      | Found a glowing silver altar of Zin.
  8153 | D:8      | Noticed Erica
  8170 | D:8      | Killed Erica
  8651 | D:9      | Noticed Grum
  8672 | D:9      | Killed Grum
  8812 | D:9      | Noticed Erolcha
  9206 | D:9      | Found an opulent altar of Gozag.
  9276 | D:9      | Found an ancient bone altar of Kikubaaqudgha.
  9322 | D:9      | Reached XP level 11. HP: 61/61 MP: 18/28
  9440 | D:9      | Killed Erolcha
  9747 | D:9      | Learned a level 4 spell: Brom's Barrelling Boulder
  9784 | D:10     | Entered Level 10 of the Dungeon
  9784 | D:10     | Noticed a two-headed ogre
  9871 | D:10     | Reached skill level 12 in Spellcasting
 10052 | D:10     | Noticed a two-headed ogre
 10071 | D:10     | Killed a two-headed ogre
 10072 | D:10     | Reached skill level 10 in Conjurations
 10072 | D:10     | Reached skill level 10 in Earth Magic
 10467 | D:10     | Killed a two-headed ogre
 10616 | D:10     | Reached skill level 5 in Invocations
 11016 | D:11     | Noticed a boulder beetle
 11025 | D:11     | Killed a boulder beetle
 11337 | D:11     | Found a staircase to the Lair.
 11340 | D:11     | Reached skill level 13 in Spellcasting
 11399 | D:11     | Reached *** piety under Sif Muna
 11631 | D:11     | Found a sparkling altar of Nemelex Xobeh.
 11659 | D:11     | Found the +5 Force Lance {heavy, knockback}
 11701 | D:11     | Reached XP level 12. HP: 66/66 MP: 0/31
 12048 | D:11     | Noticed a boulder beetle
 12056 | D:11     | Killed a boulder beetle
 12725 | D:12     | Found Veth's Weapon Boutique.
 12733 | D:12     | Found a staircase to the Orcish Mines.
 12995 | D:12     | Found Dociem's Armour Boutique.
 13007 | D:12     | Found Xaymas's Distillery.
 13024 | D:12     | Reached skill level 14 in Spellcasting
 13158 | D:12     | Bought a potion of haste for 140 gold pieces
 13158 | D:12     | Bought a potion of lignification for 42 gold pieces
 13158 | D:12     | Bought a potion of cancellation for 112 gold pieces
 13158 | D:12     | Bought a potion of degeneration for 14 gold pieces
 13158 | D:12     | Bought a potion of resistance for 140 gold pieces
 13158 | D:12     | Bought 2 potions of lignification for 84 gold pieces
 13158 | D:12     | Bought a potion of enlightenment for 70 gold pieces
 13478 | D:12     | Noticed a two-headed ogre
 13483 | D:12     | Killed a two-headed ogre
 14114 | Lair:1   | Entered Level 1 of the Lair of Beasts
 14119 | Lair:1   | Reached **** piety under Sif Muna
 14391 | Lair:1   | HP: 3/66 [killer bee (3)]
 14391 | Lair:1   | Slain by a killer bee

Illustrated notes

Levels and vault maps discovered:
D:1:      amcnicky_arrival_double_pillar, layout_basic
D:2:      layout_rooms, minmay_misc_feat_four_crosses, minmay_tripent,
          uniq_natasha
D:3:      cheibrodos_thug_alley, layout_loops_ring, uniq_terence
D:4:      minmay_door_path, layout_basic, serial_undead, serial_undead_b,
          serial_undead_c, serial_undead_b, serial_undead_a,
          kennysheep_generic_room_12, uniq_ijyb
D:5:      layout_rooms, gammafunk_temple_overflow_forgotten,
          mainiacjoe_overflow_swirl, minmay_temple_entry_enclosed_plants,
          gammafunk_ghost_smash, gup_sewer_entry_spiral
D:6:      layout_basic, demons_altar, grunt_qazlal_sundering, uniq_maggie,
          uniq_sigmund
D:7:      layout_cave_pods, nicolae_yredelemnul_corpse_copse,
          gammafunk_ghost_split, uniq_menkaure, uniq_maurice
D:8:      layout_basic, kennysheep_mini_moat, uniq_erica, uniq_pikel
D:9:      layout_stronghold, lemuel_coloured_pillars_altar,
          general_overflow_altar, uniq_erolcha, uniq_grum
D:10:     layout_roguey
D:11:     wad_woods_settlement, layout_basic, nemelex_xobeh_ov_fountains_minmay
D:12:     layout_basic, orc_david_3, serial_shops, shop, lemuel_flamethrower_3
Temple:   hellmonk_temple_of_storms
Lair:1:   wad_woods_minihive, layout_regular_city, gammafunk_ghost_hive,
          lemuel_fruit_fields

Skill      XL: |  1  2  3  4  5  6  7  8  9 10 11 12 |
---------------+-------------------------------------+-----
Earth Magic    | 4 5 6 8 9 11 13 | 13.5
Conjurations   | 2 3 4 5 7 9 11 12 | 12.0
Spellcasting   | 4 5 6 9 11 13 14 | 14.0
Fighting       | 1 4 |  4.0
Armour         | 1 3 |  3.0
Dodging        | 3 6 |  6.0
Invocations    | 3 6 |  6.0
Stealth        | |  2.4

Action                     |  1- 3 |  4- 6 |  7- 9 | 10-12 || total
---------------------------+-------+-------+-------+-------++-------
  Melee: Dagger            |       |       |     1 |    25 ||    26
  Throw: Dart              |       |       |       |     3 ||     3
         Throwing net      |       |       |       |     1 ||     1
   Cast: Sandblast         |    44 |   104 |   169 |    90 ||   407
         Stone Arrow       |       |       |    21 |   203 ||   224
         Brom's Barrelling |       |       |       |    32 ||    32
  Evoke: Wand              |       |       |     3 |    30 ||    33
    Use: Potion            |       |     1 |       |     3 ||     4
         Scroll            |       |       |     1 |     9 ||    10
 Armour: Robe              |     5 |    18 |    28 |       ||    51
         Troll leather arm |       |       |    25 |   165 ||   190
  Dodge: Dodged            |     5 |    13 |    29 |   146 ||   193

Table legend: (Time is in decaauts)
 A = Elapsed time spent in this place.
 B = Non-inter-level travel time spent in this place.
 C = Inter-level travel time spent in this place.
 D = Time resting spent in this place.
 E = Time spent auto-exploring this place.
 F = Levels seen in this place.
 G = Mean time per level.
                   A        B        C        D        E       F      G
               +--------+--------+--------+--------+--------+-----+--------+
         Total |  14732 |  14313 |    419 |    213 |  11692 |  15 |  982.1 |
       Dungeon |  13893 |  13485 |    408 |    213 |  11119 |  12 | 1157.8 |
        Temple |     22 |     12 |     10 |      0 |      0 |   1 |   22.0 |
          Lair |    276 |    276 |      0 |      0 |    160 |   1 |  276.0 |
         Sewer |    539 |    539 |      0 |      0 |    412 |   1 |  539.0 |
               +--------+--------+--------+--------+--------+-----+--------+

Top non-repeatable levels by time:
    D:12: 1641 daAuts
    D:11: 1463 daAuts
     D:7: 1329 daAuts
     D:9: 1265 daAuts
    D:10: 1207 daAuts
     D:8: 1161 daAuts
     D:3: 1080 daAuts
     D:4: 1075 daAuts
     D:6: 1020 daAuts
     D:1: 977 daAuts
     D:5: 863 daAuts
     D:2: 807 daAuts
   Sewer: 539 daAuts
  Lair:1: 276 daAuts
  Temple: 22 daAuts
